 Dungeon Crawl Stone Soup version 0.30-b1-5-g8e6c1be481 (webtiles) character file.

Game seed: 2183424644641689976

551 RascalDebosk the Trooper (level 7, -8/52 HPs)
             Began as a Djinni Fire Elementalist on May 4, 2023.
             Mangled by an ogre
             ... wielding a +0 giant club
              (21 damage)
             ... on level 5 of the Dungeon.
             The game lasted 00:22:52 (3304 turns).

RascalDebosk the Trooper (Djinni Fire Elementalist) Turns: 3304, Time: 00:22:52

Health: -8/52      AC:  6    Str:  7    XL:     7   Next: 54%
Gold:   184        EV:  6    Int: 24    God:
                   SH:  7    Dex:  8

rFire   + + .        s - +1 dagger (protect)
rCold   . . .        o - +0 kite shield
rNeg    . . .        r - +0 ring mail
rPois   ∞            p - +1 hat {Int+3}
rElec   +            (no cloak)
rCorr   .            (no gloves)
SInv    .            (boots unavailable)
Will    .....        d - amulet of regeneration
Stlth   +            j - ring "Luptuchubb" {rElec rC+ Int+2 Dex-5}
HPRegen 1.08/turn    (no ring)
MPRegen 0.00/turn

%: infuse magic (-9 HP)
@: flying, contaminated, glowing
A: sickness immunity, fire resistance 2, cold vulnerability 1, float, innate
caster, HP casting, extra vitality 1
a: no special abilities


You were on level 5 of the Dungeon.
You visited 1 branch of the dungeon, and saw 5 of its levels.

You collected 184 gold pieces.

Inventory:

Hand Weapons
 c - a +0 rapier
 l - a +0 long sword
 s - a +1 dagger of protection (weapon)
Armour
 a - a +0 robe
 o - a +0 kite shield (worn)
 p - a +1 hat of intelligence (worn)
 r - a +0 ring mail (worn)
Jewellery
 d - an amulet of regeneration (around neck)
 j - the ring "Luptuchubb" (left hand) {rElec rC+ Int+2 Dex-5}
   (You found it on level 2 of the Dungeon)

   [ring of protection from cold]

   Int:       It affects your intelligence (+2).
   Dex:       It affects your dexterity (-5).
   rC:        It protects you from cold.
   rElec:     It insulates you from electricity.
Scrolls
 f - 2 scrolls of teleportation {unknown}
 h - a scroll of poison {unknown}
 i - a scroll of magic mapping {unknown}
 k - 2 scrolls of identify {unknown}
 n - a scroll of noise {unknown}
 u - a scroll of amnesia {unknown}
 v - a scroll of immolation {unknown}
 w - a scroll of butterflies {unknown}
 x - a scroll of fog {unknown}
Potions
 b - a potion of lignification {unknown}
 e - 3 potions of cancellation {unknown}
 g - 2 potions of magic {unknown}
 m - 2 potions of degeneration {unknown}
 q - 2 potions of attraction {unknown}
 t - a potion of curing {unknown}


   Skills:
 * Level 4.2 Fighting
 + Level 2.7 Armour
 - Level 2.1 Dodging
 - Level 1.5 Stealth
 + Level 1.9 Shields
 * Level 4.0 Spellcasting
 - Level 1.6 Evocations


You knew the following spells:

 Your Spells              Type           Power      Damage    Failure   Level
a - Foxfire               Conj/Fire      96%        2x1d8     41%         1
b - Scorch                Fire           48%        2d7       54%         2
c - Volatile Blastmotes   Fire/Tloc      48%        2d14      78%         3
d - Inner Flame           Hex/Fire       24%        N/A       78%         3
e - Flame Wave            Conj/Fire      24%        2d8       99%         4
f - Apportation           Tloc           48%        N/A       41%         1
g - Call Imp              Summ           48%        N/A       54%         2
h - Wereblood             Tmut           24%        N/A       54%         2
Your spell library was empty.

Dungeon Overview and Level Annotations

Branches:
Dungeon (5/15)
 Temple: D:4-7

Altars:
Dithmenos

Shops:
D:4 (


Innate Abilities, Weirdness & Mutations

You are immune to sickness and miasma.
You are immune to poison.
Your flesh is very heat resistant. (rF++)
You are vulnerable to cold. (rC-)
You float through the air rather than walking.
You learn spells naturally, not from books.
Your magical power is your life essence.
You have superior vitality. (+4 MHP)


Message History

You miscast Foxfire.
Nothing appears to happen.
The foxfire hits the orc!
You kill the orc!
Casting: Foxfire (safe; 41% risk of failure)
Confirm with . or Enter, or press ? or * to list all spells.
You miscast Scorch.
Nothing appears to happen.
The orc hits you but does no damage.
Casting: Scorch (dangerous; 54% risk of failure)
Confirm with . or Enter, or press ? or * to list all spells.
You miscast Scorch.
Nothing appears to happen.
The orc hits you but does no damage. x2
Casting: Scorch (dangerous; 54% risk of failure)
Confirm with . or Enter, or press ? or * to list all spells.
You miscast Scorch.
Nothing appears to happen.
The orc hits you but does no damage. The orc hits you with a +0 whip.
Casting: Scorch (dangerous; 54% risk of failure)
Confirm with . or Enter, or press ? or * to list all spells.
You miscast Scorch.
Nothing appears to happen.
The orc hits you but does no damage. You block the orc's attack.
Casting: Scorch (dangerous; 54% risk of failure)
Confirm with . or Enter, or press ? or * to list all spells.
You miscast Scorch.
You are lightly contaminated with residual magic.
Nothing appears to happen.
You block the orc's attack. The orc hits you but does no damage.
Casting: Scorch (dangerous; 54% risk of failure)
Confirm with . or Enter, or press ? or * to list all spells.
You conjure some foxfire!
You block the orc's attack.
An ogre comes into view. It is wielding a +0 giant club.
The orc hits you with a +0 whip.
Casting: Foxfire (safe; 41% risk of failure)
Confirm with . or Enter, or press ? or * to list all spells.
You conjure some foxfire!
The ogre shouts!
The foxfire hits the orc but does no damage.
The foxfire hits the orc.
You kill the orc!
You block the orc's attack.
Casting: Foxfire (safe; 41% risk of failure)
Confirm with . or Enter, or press ? or * to list all spells.
You miscast Foxfire.
Nothing appears to happen.
The foxfire hits the orc but does no damage. x2
The orc hits you with a +0 whip.
Casting: Foxfire (safe; 41% risk of failure)
Confirm with . or Enter, or press ? or * to list all spells.
You miscast Foxfire.
Nothing appears to happen.
The orc hits you with a +0 whip.
Casting: Foxfire (safe; 41% risk of failure)
Confirm with . or Enter, or press ? or * to list all spells.
You conjure some foxfire!
You block the orc's attack.
Casting: Foxfire (safe; 41% risk of failure)
Confirm with . or Enter, or press ? or * to list all spells.
You conjure some foxfire!
The foxfire hits the orc but does no damage.
The foxfire hits the orc.
The orc is lightly wounded.
The orc hits you with a +0 whip.
Casting: Foxfire (safe; 41% risk of failure)
Confirm with . or Enter, or press ? or * to list all spells.
You conjure some foxfire!
The foxfire hits the orc but does no damage.
The orc is lightly wounded.
The foxfire hits the orc.
The orc is almost dead.
You block the orc's attack.
Casting: Foxfire (safe; 41% risk of failure)
Confirm with . or Enter, or press ? or * to list all spells.
You miscast Foxfire.
Nothing appears to happen.
The foxfire hits the ogre.
The ogre is lightly wounded.
The foxfire hits the orc but does no damage.
The orc is almost dead.
The ogre hits you with a +0 giant club!!
Ouch! That really hurt!
* * * LOW HITPOINT WARNING * * *
The orc barely misses you. The ogre attacks as you move away!
The ogre barely misses you. The orc attacks as you move away!
The orc hits you with a +0 whip.
* * * LOW HITPOINT WARNING * * *
Casting: Foxfire (safe; 41% risk of failure)
Confirm with . or Enter, or press ? or * to list all spells.
You conjure some foxfire!
* * * LOW HITPOINT WARNING * * *
The orc hits you but does no damage.
Casting: Foxfire (safe; 41% risk of failure)
Confirm with . or Enter, or press ? or * to list all spells.
You miscast Foxfire.
Nothing appears to happen.
* * * LOW HITPOINT WARNING * * *
The foxfire hits the orc.
You kill the orc!
The foxfire hits the ogre but does no damage.
The ogre is lightly wounded.
The ogre barely misses you.
Casting: Foxfire (safe; 41% risk of failure)
Confirm with . or Enter, or press ? or * to list all spells.
You miscast Scorch.
You are contaminated with residual magic.
Nothing appears to happen.
* * * LOW HITPOINT WARNING * * *
A centaur comes into view.
The ogre hits you with a +0 giant club!!
You die...

.......###...#
..?.........###.
#...............
........))...... ...
............##.. ..
#.>............. ..
#.......)....#.# .
##......O.#### .##
........@..#.## #.##
....####..........
...#...## #.....#....
......### ##.######..
(####..#.## #...# .
)#.....#...###..## ##
....#........##..#..#
...##..#.#..........#
...# #.#
###......#..>.


You could see an ogre.

Vanquished Creatures
  2 scorpions (D:4)
  2 hounds
  An orc priest (D:3)
  3 sleepcaps
  An orc wizard (D:5)
  4 gnolls
  9 adders
  A worm (D:3)
  2 dart slugs
  19 orcs
  10 ball pythons
  10 endoplasms
  4 giant cockroaches
  3 goblins
  7 hobgoblins
  A jackal (D:3)
  4 quokkas
  3 bats
  7 frilled lizards
  6 kobolds
  6 rats
105 creatures vanquished.

Vanquished Creatures (others)
  195 foxfires
195 creatures vanquished.

Grand Total: 300 creatures vanquished

Notes
Turn   | Place    | Note
-------+----------+-------------------------------------------
     0 | D:1      | RascalDebosk the Djinni Fire Elementalist began the quest
                  | for the Orb.
     0 | D:1      | RascalDebosk set off with the following spells memorised:
                  | Foxfire, Scorch, Volatile Blastmotes, Inner Flame, Flame
                  | Wave.
     0 | D:1      | Reached XP level 1. HP: 15/15 MP: 0/0
   175 | D:1      | Reached XP level 2. HP: 19/22 MP: 0/0
   208 | D:1      | Reached skill level 1 in Fighting
   408 | D:1      | Reached XP level 3. HP: 27/27 MP: 0/0
   408 | D:1      | Learned a level 1 spell: Apportation
  1032 | D:2      | Identified the ring "Luptuchubb" {rElec rC+ Int+2 Dex-5}
  1130 | D:2      | Reached skill level 1 in Armour
  1263 | D:2      | Reached skill level 1 in Evocations
  1282 | D:2      | Reached XP level 4. HP: 31/33 MP: 0/0
  1849 | D:3      | Reached XP level 5. HP: 31/38 MP: 0/0
  1849 | D:3      | Learned a level 2 spell: Call Imp
  2193 | D:3      | Reached XP level 6. HP: 25/46 MP: 0/0
  2688 | D:4      | Reached skill level 1 in Shields
  2783 | D:4      | Found a shadowy altar of Dithmenos.
  2815 | D:4      | Reached XP level 7. HP: 47/51 MP: 0/0
  2815 | D:4      | Learned a level 2 spell: Wereblood
  3031 | D:4      | Found Leaczath's Firing Range.
  3198 | D:5      | Entered Level 5 of the Dungeon
  3304 | D:5      | Mangled by an ogre

Illustrated notes

Levels and vault maps discovered:
D:1:      spicycebolla_arrival_transporter_tutorial, layout_basic
D:2:      layout_loops_ring
D:3:      minmay_angry_zag, layout_basic, chequers_serial_rivers_small_a,
          hellmonk_no_cap
D:4:      layout_loops_ring, nicolae_dithmenos_the_darkroom,
          nicolae_shop_firing_range
D:5:      layout_cave_pools, uniq_sigmund

Skill      XL: |  1  2  3  4  5  6  7 |
---------------+----------------------+-----
Fighting       | 1 2 3 4 |  4.2
Armour         | 1 2 |  2.7
Evocations     | 1 |  1.6
Spellcasting   | 3 4 |  4.0
Shields        | 1 |  1.9
Dodging        | |  2.1
Stealth        | |  1.5

Action                     |  1- 3 |  4- 6 |  7- 9 || total
---------------------------+-------+-------+-------++-------
  Melee: Rapier            |    18 |       |       ||    18
         Long sword        |       |    73 |    32 ||   105
         Punch             |       |     1 |     2 ||     3
   Cast: Foxfire           |    59 |    58 |    18 ||   135
         Scorch            |     2 |    32 |     9 ||    43
         Inner Flame       |       |     1 |     1 ||     2
   Stab: Sleeping          |     1 |       |       ||     1
 Armour: Robe              |       |    11 |       ||    11
         Ring mail         |       |    22 |    38 ||    60
  Dodge: Dodged            |     9 |    88 |    30 ||   127
  Block: Kite shield       |       |     3 |     6 ||     9
